 Dungeon Crawl Stone Soup version 0.29-a0-542-g075992c915 (webtiles) character file.

Game seed: 10869649510850009447

30 Malachi the Shield-Bearer (level 3, 1/1 (31) HPs)
             Began as a Meteoran Fighter on June 4, 2022.
             Tarried too long and was consumed by Zot
             ... on level 1 of the Dungeon.
             The game lasted 00:03:16 (1179 turns).

Malachi the Shield-Bearer (Meteoran Fighter)        Turns: 1179, Time: 00:03:17

HP:   1/1 (31)      AC:  7    Str: 20    XL:     3   Next: 55%
MP:   4/4           EV:  9    Int:  9    God:
Gold: 72            SH:  5    Dex: 13    Spells: 2/2 levels left

rFire   . . .      SeeInvis .   a - +0 flail
rCold   . . .      Faith    .   c - +0 buckler
rNeg    . . .      Spirit   .   b - +0 scale mail
rPois   .          Reflect  .   (no helmet)
rElec   .          Harm     .   (no cloak)
rCorr   .          Rampage  .   (no gloves)
Will    .....                   (no boots)
Stlth   ..........              (no amulet)
HPRegen 0.01/turn               (no ring)
MPRegen 0.09/turn               (no ring)

@: glowing, extremely drained, bezotted
A: sense surroundings 1, otherworldly, glowing, explore regen
a: no special abilities


You were on level 1 of the Dungeon.
You visited 1 branch of the dungeon, and saw 1 of its levels.

You collected 72 gold pieces.

Inventory:

Hand Weapons
 a - a +0 flail (weapon)
Armour
 b - a +0 scale mail (worn)
 c - a +0 buckler (worn)
Scrolls
 e - a scroll of teleportation {unknown}
 g - a scroll of noise {unknown}
Potions
 d - a potion of might
 f - a potion of curing {unknown}


   Skills:
 + Level 3.6 Fighting
 * Level 3.6 Maces & Flails
 + Level 3.9 Armour
 + Level 0.1 Dodging
 + Level 4.0 Shields


You had 2 spell levels left.
You didn't know any spells.
Your spell library was empty.

Dungeon Overview and Level Annotations

Branches:
Dungeon (1/15)

Altars:


Innate Abilities, Weirdness & Mutations

You passively map a small area around you.
You are easily found by Zot.
You glow in the dark.
You regain HP and MP as you explore.


Message History

The frilled lizard bites you but does no damage.
You closely miss the frilled lizard.
The frilled lizard bites you but does no damage.
You hit the frilled lizard.
You kill the frilled lizard!
No target in view!
No target in view!
No target in view!
No target in view!
No target in view!
No target in view!
No target in view!
No target in view!
No target in view!
No target in view!
No target in view!
No target in view!
No target in view!
You now have 72 gold pieces (gained 5).
You have lingered too long.
Zot senses you.
Dive deeper or flee this branch before you suffer!
You see here a +0 leather armour.
Zot draws nearer.
Dive deeper or flee this branch before you suffer!
Done exploring.
Done exploring.
Done exploring.
Done exploring.
Unknown command.
Done exploring.
Done exploring.
Done exploring.
Done exploring.
You don't know any spells.
Unknown command.
Zot has nearly found you. suffering is approaching.
Descend or flee this branch!
Zot's power touches on you...
You feel drained.
You have lingered too long.
Zot senses you.
Dive deeper or flee this branch before you perish!
Zot draws nearer.
Dive deeper or flee this branch before you perish!
Zot has nearly found you. death is approaching.
Descend or flee this branch!
Zot has found you!
You die...

#.# #...............####
#.# #.....#######.#.#
#.# ##...## #.#.# #.#
##### #.#.# #.# #.#.#
#.# #.#.# #.# #.#.#
#[###############.#.#
#......@..........#.####
#..################.....
#..# #####.
##########..# #.
............# #.
###########.### #. #.).#
#. ###.# #. #.# #.


There were no monsters in sight!

Vanquished Creatures
  A gnoll (D:1)
  An endoplasm (D:1)
  A goblin (D:1)
  2 hobgoblins (D:1)
  4 jackals (D:1)
  3 kobolds (D:1)
  A quokka (D:1)
  2 bats (D:1)
  2 frilled lizards (D:1)
  2 rats (D:1)
19 creatures vanquished.

Notes
Turn   | Place    | Note
-------+----------+-------------------------------------------
     0 | D:1      | Malachi the Meteoran Fighter began the quest for the Orb.
     0 | D:1      | Reached XP level 1. HP: 19/19 MP: 2/2
    47 | D:1      | Reached XP level 2. HP: 20/26 MP: 3/3
   427 | D:1      | Reached XP level 3. HP: 27/31 MP: 4/4
   483 | D:1      | Glimpsed the power of Zot.
   525 | D:1      | Reached skill level 4 in Shields
   531 | D:1      | Glimpsed the power of Zot.
   571 | D:1      | Glimpsed the power of Zot.
   580 | D:1      | Glimpsed the power of Zot.
   581 | D:1      | Touched by the power of Zot.
   680 | D:1      | Glimpsed the power of Zot.
   730 | D:1      | Glimpsed the power of Zot.
   770 | D:1      | Glimpsed the power of Zot.
   779 | D:1      | Glimpsed the power of Zot.
   780 | D:1      | Touched by the power of Zot.
   879 | D:1      | Glimpsed the power of Zot.
   929 | D:1      | Glimpsed the power of Zot.
   969 | D:1      | Glimpsed the power of Zot.
   978 | D:1      | Glimpsed the power of Zot.
   979 | D:1      | Touched by the power of Zot.
  1080 | D:1      | Glimpsed the power of Zot.
  1130 | D:1      | Glimpsed the power of Zot.
  1170 | D:1      | Glimpsed the power of Zot.
  1179 | D:1      | Tarried too long and was consumed by Zot

Illustrated notes

Levels and vault maps discovered:
D:1:      wander_arrival_peaceful_grave, layout_loops_ring, st_stairs_13

Skill      XL: |  1  2  3 |
---------------+----------+-----
Maces & Flails | 3 |  3.6
Shields        | 4 |  4.0
Fighting       | |  3.6
Armour         | |  3.9
Dodging        | |  0.1

Action                   || total
-------------------------++-------
Melee: Flail             ||    74
Armor: Scale mail        ||    33
Dodge: Dodged            ||    26
Block: Buckler           ||    20

Table legend: (Time is in decaauts)
 A = Elapsed time spent in this place.
 B = Non-inter-level travel time spent in this place.
 C = Inter-level travel time spent in this place.
 D = Time resting spent in this place.
 E = Time spent auto-exploring this place.
 F = Levels seen in this place.
 G = Mean time per level.
                   A        B        C        D        E       F      G
               +--------+--------+--------+--------+--------+-----+--------+
         Total |   1199 |   1195 |      4 |      0 |    790 |   1 | 1199.0 |
       Dungeon |   1199 |   1195 |      4 |      0 |    790 |   1 | 1199.0 |
               +--------+--------+--------+--------+--------+-----+--------+

Top non-repeatable levels by time:
     D:1: 1199 daAuts
